 Dungeon Crawl Stone Soup version 0.32-a0-711-g016ad743e0 (webtiles) character file.

Game seed: 8755746506152515997

2684018 Tuffy the Conqueror (level 27, 354/354 HPs)
             Began as a Formicid Warper on Mar 15, 2024.
             Was the Champion of Cheibriados.
             Escaped with the Orb
             ... and 5 runes!
             The game lasted 02:07:30 (91130 turns).

Tuffy the Conqueror (Formicid Warper)              Turns: 91130, Time: 02:07:30

Health: 354/354    AC: 38    Str: 39    XL:     27
Magic:  37/37      EV: 61    Int: 35    God:    Cheibriados [******]
Gold:   5381       SH: 41    Dex: 44    Spells: 42/46 levels left

rFire   + + +        u - +9 lajatang (elec)
rCold   + . .        r - +8 tower shield {rF+}
rNeg    + + +        e - melded +4 chain mail
rPois   ∞            (helmet unavailable)
rElec   +            b - scarf {rC+ rF+}
rCorr   .            J - melded +0 pair of gloves {Stlth+}
SInv    +            (boots currently unavailable)
Will    ++...        W - macabre finger necklace {Finger+ rN+}
Stlth   ++           P - ring of the Distant Future {rF+ Int+5 Dex+6}
HPRegen 1.59/turn    S - ring of Darkness {rN+ EV+5 Int+3}
MPRegen 0.25/turn    h - ring of Xyfiph {EV+5 Str+3 Slay+3}

%: no passive effects
@: statue-form, studying 3 skills, very slow
A: slow and powerful, torment resistance 1, boosted hp, permanent stasis, dig
shafts and tunnels, antennae 3, four strong arms, (iridescent scales 1), agile
1, deformed body, dopey 1, regeneration 1, robust 1, screaming 1
0: Orb of Zot
}: 5/15 runes: decaying, serpentine, slimy, silver, abyssal
a: Dig, Shaft Self, Begin Untransformation, Renounce Religion, Bend Time,
Temporal Distortion, Slouch, Step From Time


You escaped.
You worshipped Cheibriados.
Cheibriados was exalted by your worship.
You were a living statue of rough stone.
You visited 12 branches of the dungeon, and saw 56 of its levels.
You visited the Abyss 1 time.
You visited 1 bazaar.
You also visited: Sewer, Ossuary and Bailey.

You collected 11318 gold pieces.
You spent 5937 gold pieces at shops.

Inventory:

Hand Weapons
 s - a +0 lajatang of electrocution
 u - a +9 lajatang of electrocution (weapon)
Missiles
 U - a throwing net
Armour
 a - a +1 kite shield of resistance
 b - a scarf of resistance (worn)
 e - a +4 chain mail (melded)
 r - a +8 tower shield of fire resistance (worn)
 J - a +0 pair of gloves of stealth (melded)
 Z - a +0 pair of boots
Jewellery
 h - the ring of Xyfiph (on amulet) {EV+5 Str+3 Slay+3}
   (You found it on level 3 of the Elven Halls)

   [ring of evasion]

   EV+5:      It affects your evasion (+5).
   Str+3:     It affects your strength (+3).
   Slay+3:    It affects your accuracy & damage with ranged weapons and melee
   (+3).
 i - an amulet of guardian spirit
 n - an amulet of regeneration
 q - the ring "Xufuu" {Wiz +Blink rF- rCorr Slay+6}
   (You found it on level 15 of the Dungeon)

   [ring of wizardry]

   Wiz:       It improves your spell success rate.
   Slay+6:    It affects your accuracy & damage with ranged weapons and melee
   (+6).
   rF-:       It makes you vulnerable to fire.
   +Blink:    It lets you blink.
   rCorr:     It protects you from acid and corrosion.
 D - a +4 ring of slaying
 G - the ring "Qehiw" {+Blink rPois rF+ Int+6 Stlth+}
   (You found it on level 5 of the Vaults)

   [ring of intelligence]

   Int+6:     It affects your intelligence (+6).
   rF+:       It protects you from fire.
   rPois:     It protects you from poison.
   +Blink:    It lets you blink.
   Stlth+:    It makes you more stealthy.
 I - the ring "Biarchydgh" {rPois rF+ Will+ Int+6}
   (You found it on level 3 of the Elven Halls)

   [ring of intelligence]

   Int+6:     It affects your intelligence (+6).
   rF+:       It protects you from fire.
   rPois:     It protects you from poison.
   Will+:     It increases your willpower.
 M - the ring of Shadows {Umbra +Inv Stlth+}
   (You found it on level 10 of the Dungeon)

   [ring of stealth]

   Umbra:     It surrounds you with an aura of shadow, increasing your stealth
   and reducing the accuracy of all others within it.
   +Inv:      It lets you turn invisible.
   Stlth+:    It makes you more stealthy.
 P - the ring of the Distant Future (left fist) {rF+ Int+5 Dex+6}
   (You took it off an orc warrior on level 15 of the Dungeon)

   [ring of dexterity]

   Int+5:     It affects your intelligence (+5).
   Dex+6:     It affects your dexterity (+6).
   rF+:       It protects you from fire.
 S - the ring of Darkness (right fist) {rN+ EV+5 Int+3}
   (You found it on level 15 of the Dungeon)

   [ring of evasion]

   EV+5:      It affects your evasion (+5).
   Int+3:     It affects your intelligence (+3).
   rN+:       It protects you from negative energy.
 T - the ring "Tosul" {*Corrode rElec Will+ Int+3 SInv}
   (You found it on level 3 of the Swamp)

   [ring of see invisible]

   Int+3:     It affects your intelligence (+3).
   rElec:     It insulates you from electricity.
   Will+:     It increases your willpower.
   SInv:      It lets you see invisible.
   *Corrode:  It may corrode you when you take damage.
 W - the macabre finger necklace (around neck) {Finger+ rN+}
   (You found it on level 5 of the Pits of Slime)

   [amulet of nothing]

   Finger+:   It enables you to equip an extra ring.
   rN+:       It protects you from negative energy.
 Y - a +5 ring of evasion
Talismans
 l - a granite talisman (active)
Wands
 c - a wand of light (38)
 t - a wand of warping (85)
 v - a wand of digging (27)
Scrolls
 d - 19 scrolls of fog {@r2}
 k - 10 scrolls of enchant armour
 y - 6 scrolls of silence {!r}
 F - 3 scrolls of revelation {@r5}
 N - 8 scrolls of poison
 O - 8 scrolls of enchant weapon
 Q - 4 scrolls of fear
 X - 2 scrolls of summoning {!r}
Potions
 f - 10 potions of enlightenment
 g - 10 potions of brilliance
 m - 14 potions of heal wounds {@q1}
 o - 27 potions of curing {@q2}
 p - 7 potions of might {@q3}
 w - 4 potions of berserk rage
 x - 11 potions of cancellation
 z - 8 potions of lignification
 A - 10 potions of attraction
 E - 4 potions of resistance
 H - 5 potions of invisibility
 K - 2 potions of ambrosia
 L - 10 potions of mutation
Miscellaneous
 j - a phial of floods
 B - a phantom mirror
 C - a sack of spiders
 R - a lightning rod (4/4)
 V - a condenser vane


   Skills:
 O Level 27 Fighting
 - Level 3.4 Long Blades
 - Level 14.0 Staves
 - Level 1.0 Throwing
 - Level 5.0 Armour
 + Level 23.5 Dodging
 - Level 10.0 Stealth
 O Level 27 Shields
 - Level 10.0 Spellcasting
 - Level 10.0 Translocations
 - Level 14.0 Invocations
 - Level 25.0 Shapeshifting


You had 42 spell levels left.
You knew the following spells:

 Your Spells              Type           Power      Damage    Failure   Level
m - Manifold Assault      Tloc           72%        N/A       1%          4

Your spell library contained the following spells:

 Spells                   Type           Power      Damage    Failure   Level
 Apportation              Tloc           100%       N/A       1%          1
 Lesser Beckoning         Tloc           100%       N/A       1%          2
 Momentum Strike          Conj/Tloc      100%       3d10      1%          2
 Gell's Gravitas          Tloc           72%        N/A       1%          3
 Teleport Other           Tloc           72%        N/A       1%          3
 Volatile Blastmotes      Fire/Tloc      100%       2d18      1%          3
 Freeze                   Ice            68%        1d8       2%          1
 Kiss of Death            Conj/Necr      68%        2d10      2%          1
 Magic Dart               Conj           68%        1d6       2%          1
 Necrotise                Necr           68%        1d7       2%          1
 Sandblast                Erth           34%        2d9       2%          1
 Shock                    Conj/Air       68%        1d7       2%          1
 Slow                     Hex            68%        N/A       2%          1
 Sting                    Conj/Alch      68%        1d7       2%          1
 Summon Small Mammal      Summ           68%        N/A       2%          1
 Cigotuvi's Dreadful Rot  Necr/Alch/Air  34%        N/A       3%          2
 Ensorcelled Hibernation  Hex/Ice        34%        N/A       3%          2
 Jinxbite                 Hex            34%        N/A       3%          2
 Scorch                   Fire           34%        2d6       3%          2
 Dimensional Bullseye     Hex/Tloc       25%        N/A       3%          4
 Iskenderun's Mystic Bla  Conj/Tloc      51%        2d11      3%          4
 Dispersal                Tloc           36%        N/A       6%          6
 Call Canine Familiar     Summ           17%        N/A       8%          3
 Confusing Touch          Hex            17%        N/A       8%          3
 Dazzling Flash           Conj/Hex       34%        N/A       8%          3
 Frozen Ramparts          Ice            34%        1d6       8%          3
 Hailstorm                Conj/Ice       17%        3d6       8%          3
 Inner Flame              Hex/Fire       17%        N/A       8%          3
 Mephitic Cloud           Conj/Alch/Air  17%        N/A       8%          3
 Passwall                 Erth           17%        N/A       8%          3
 Sigil of Binding         Hex            17%        N/A       8%          3
 Stone Arrow              Conj/Erth      34%        3d9       8%          3
 Vampiric Draining        Necr           17%        2d7       8%          3
 Summon Forest            Summ/Tloc      25%        N/A       9%          5
 Animate Armour           Summ/Erth      34%        N/A       24%         4
 Animate Dead             Necr           17%        N/A       24%         4
 Brom's Barrelling Bould  Conj/Erth      17%        2d4       24%         4
 Dispel Undead            Necr           17%        3d10      24%         4
 Flame Wave               Conj/Fire      17%        2d7       24%         4
 Fulminant Prism          Conj/Alch      8%         3d6       24%         4
 Ignite Poison            Fire/Alch      17%        N/A       24%         4
 Leda's Liquefaction      Alch/Erth      8%         N/A       24%         4
 Martyr's Knell           Necr/Summ      17%        N/A       24%         4
 Petrify                  Alch/Erth      17%        N/A       24%         4
 Sticky Flame             Fire/Alch      17%        2d5       24%         4
 Summon Blazeheart Golem  Fire/Summ      17%        N/A       24%         4
 Summon Lightning Spire   Summ/Air       17%        N/A       24%         4
 Alistair's Intoxication  Alch           11%        N/A       56%         5
 Arcjolt                  Conj/Air       8%         1d18      56%         5
 Borgnjor's Vile Clutch   Necr/Erth      8%         N/A       56%         5
 Curse of Agony           Necr           17%        N/A       56%         5
 Fireball                 Conj/Fire      8%         3d6       56%         5
 Irradiate                Conj/Alch      8%         3d14      56%         5
 Lee's Rapid Deconstruct  Erth           8%         3d7*      56%         5
 Metabolic Englaciation   Hex/Ice        8%         N/A       56%         5
 Summon Mana Viper        Hex/Summ       17%        N/A       56%         5
 Yara's Violent Unravell  Hex/Alch       8%         3d5       56%         5
 Malign Gateway           Summ/Tloc      25%        N/A       95%         7
 Disjunction              Tloc           36%        N/A       95%         8
 Death Channel            Necr           8%         N/A       98%         6
 Plasma Beam              Fire/Air       8%         2x1d19    98%         6
 Sculpt Simulacrum        Ice/Alch       8%         N/A       98%         6
 Starburst                Conj/Fire      8%         6d4       98%         6
 Summon Cactus Giant      Summ           8%         N/A       98%         6
 Haunt                    Necr/Summ      8%         N/A       100%        7
 Ozocubu's Refrigeration  Ice            8%         4d9       100%        7
 Borgnjor's Revivificati  Necr           8%         N/A       100%        8
 Ignition                 Fire           8%         3d5       100%        8
 Maxwell's Capacitive Co  Air            8%         ∞         100%        8
 Summon Horrible Things   Summ           8%         N/A       100%        8
 Chain Lightning          Conj/Air       8%         3d11      100%        9
 Death's Door             Necr           8%         N/A       100%        9
 Fire Storm               Conj/Fire      8%         8d2       100%        9
 Blink                    Tloc           Unusable   N/A       N/A         2
 Sublimation of Blood     Necr           Unusable   N/A       N/A         2
 Vhi's Electric Charge    Tloc/Air       Unusable   N/A       N/A         4
 Swiftness                Air            Unusable   N/A       N/A         3

Dungeon Overview and Level Annotations

Branches:
Dungeon (15/15)            Temple (1/1) D:5            Lair (5/5) D:11
  Swamp (4/4) Lair:2        Snake (4/4) Lair:3        Slime (5/5) Lair:5
    Orc (2/2) D:10            Elf (3/3) Orc:2        Vaults (5/5) D:13
  Crypt (3/3) Vaults:3       Tomb (0/3) Crypt:3      Depths (4/4) D:15
    Zot (5/5) Depths:4      Sewer (visited)         Ossuary (visited)
 Bailey (visited)

Altars:
Ashenzari
Cheibriados
Dithmenos
Elyvilon
Fedhas
Gozag
Hepliaklqana
Kikubaaqudgha
Makhleb
Nemelex Xobeh
Okawaru
Qazlal
Ru
Sif Muna
Trog
Uskayaw
Vehumet
Wu Jian
Xom
Yredelemnul
Zin
The Shining One
Beogh
Jiyva

Shops:
D:2 =(*   D:5 [(?(=   D:6 :   D:10 =   D:15 [*=   Orc:1 ?   Orc:2 **(!:(*==
Elf:1 *   Elf:2 =::   Snake:2 :[[?   Vaults:1 ((

Portals:
Hell: Depths:1 Depths:2 Depths:3 Depths:4
Abyss: Depths:1 Depths:3
Pandemonium: Depths:2
Ziggurat: Depths:2


Innate Abilities, Weirdness & Mutations

You are a living statue of rough stone.
Your actions are slow, but your melee attacks are powerful.
You are resistant to unholy torment.
Your maximum health is greatly increased.
Your equipment is partially melded.
You cannot be hasted, slowed, berserked, paralysed or teleported.
You can dig through walls and to a lower floor.
You are immune to poison.
You have a pair of large antennae on your head. (SInv)
Your four strong arms can wield two-handed weapons with a shield.
((You are partially covered in iridescent scales. (AC +2)))
You are agile. (Dex +4, Str/Int -1)
Armour fits poorly on your strangely shaped body.
You are dopey. (Int -2)
Your natural rate of healing is unusually fast.
You are robust. (+10% HP)
You occasionally shout uncontrollably at your foes.


Message History

There is an escape hatch in the ceiling here.
A mysterious force pulls you upwards. The hatch slams shut behind you.
You sense a monster nearby.
There is a stone staircase leading up here.
You climb upwards.
There is a stone staircase leading down here.
There is a faded altar of an unknown god here.
This altar belongs to (a) Xom, (b) Ru or (c) Dithmenos, but you can't tell which.
Press the corresponding letter to learn more about a god, or press enter to convert or escape to cancel.
Okay, then.
Okay, then.
An Orb Guardian comes into view.
You chop the Orb Guardian into pieces!!!!
The Orb Guardian is almost dead.
You block the Orb Guardian's attack.
You closely miss the Orb Guardian.
The Orb Guardian is almost dead.
You block the Orb Guardian's attack.
You hit the Orb Guardian but do no damage.
The Orb Guardian is almost dead.
You block the Orb Guardian's attack. x2
You cut the Orb Guardian into ribbons!!!
Lightning courses through the Orb Guardian!!
You kill the Orb Guardian!
Cheibriados thoroughly appreciates the change of pace.
No target in view!
No target in view!
No target in view!
No target in view!
No target in view!
No target in view!
No target in view!
No target in view!
No target in view!
No target in view!
No target in view!
No target in view!
You sense a monster nearby.
There is a staircase leading out of the dungeon here.
There is a staircase leading out of the dungeon here.
You have escaped!

##.# #......#.# #.##### ##.#
#.######.## ##......
##.###########.........###..#####
##.#.........................#
#.#.P~~~~≈~~~P...P~≈~~~≈~≈P.#
#.#.~≈≈~~~~≈≈~...~≈≈~~~~≈≈~.##
#.#.~≈≈~~~~≈≈~...~≈≈~~~~≈≈≈..#
##.#.P~~~~~~~~)....~~≈≈~~≈≈P..###
##.#............I................
.....P≈~~~~~~~.....≈~~~~≈~~P.###.
##...~~≈~~~~~~~...~~≈~~~~≈≈~.# #.
#...~~≈~~~~≈≈~...~≈≈~~~~~~~.# #.
##...P~~~~≈~≈≈P...P≈~~~~~~~P.# #.
.............................# #.
###.......##########.#..##.### #.
####.#.÷......# #.......### #.
.....#.#....#.# #######.÷.# #.


There were no monsters in sight!

Vanquished Creatures
  the Royal Jelly (Slime:5)
  4 pandemonium lords
  5 dread liches
  2 orbs of fire (Zot:5)
  7 ancient liches
  Mara (Depths:1)
  Mennas (Crypt:2)
  The ghost of seren the Slayer, a legendary MiFi of Beogh (Zot:1)
  5 juggernauts
  Vv (Crypt:2)
  4 Killer Klowns
  Boris (Depths:2)
  Bai Suzhen (Vaults:5)
  Margery (Vaults:2)
  Norris (Depths:3)
  the Enchantress (Depths:2)
  Nikola (Swamp:3)
  9 golden dragons
  An iron giant (Depths:3)
  2 bone dragons
  The ghost of Goivuek the Warrior, an adept CoGl of Wu Jian (Elf:1)
  An electric golem (Zot:5)
  A hellephant (Vaults:2)
  2 walking earthen tomes (Depths:3)
  22 tentacled monstrosities
  28 Orb Guardians
  5 titans
  6 Hell Sentinels
  6 liches
  Asterion (Snake:1)
  3 deep elf blademasters
  2 deep elf master archers (Elf:3)
  16 quicksilver dragons
  8 sphinxes
  4 tentacled starspawn
  21 acid blobs
  The ghost of Ohem the Peltast, an adept FoFi of Qazlal (Elf:3)
  8 death cobs
  Kirke (D:15)
  An Executioner (D:11)
  8 tengu reavers
  The ghost of MagicSucks the Severer, an adept CoBe of Trog (Elf:1)
  14 storm dragons
  13 rockslimes
  12 draconian monks
  9 shadow dragons
  13 draconian knights
  13 fire giants
  3 deep elf sorcerers
  10 protean progenitors
  13 azure jellies
  5 nagarajas
  2 revenants
  2 iron dragons
  15 vault wardens
  11 frost giants
  11 draconian scorchers
  6 draconian shifters
  A deep elf elementalist (Elf:3)
  4 ghost moths
  4 balrugs
  3 curse skulls
  3 reapers
  An angel (Abyss:3)
  5 draconian stormcallers
  A juggernaut zombie (Abyss:2)
  2 orc warlords
  2 ophanim (Abyss:3)
  A caustic shrike skeleton (Crypt:3)
  12 ironbound preservers
  3 spriggan defenders (Depths:2)
  3 draconian annihilators
  6 ironbound thunderhulks
  6 ghouls
  11 formless jellyfish
  A lorocyproca (D:15)
  7 quicksilver oozes
  Louise (Snake:1)
  9 stone giants
  14 very ugly things
  6 deep elf demonologists
  8 red draconians
  7 vampire knights
  13 black draconians
  11 green draconians
  9 yellow draconians
  4 war gargoyles
  15 deep elf death magi
  13 spark wasps
  8 deep elf annihilators
  5 dire elephants
  31 purple draconians
  14 white draconians
  4 bunyips
  Azrael (D:15)
  4 eidola
  A blizzard demon (D:6)
  A green death (Depths:2)
  11 ettins
  9 fire dragons
  A jiangshi (Crypt:2)
  14 yaktaur captains
  3 deep elf high priests
  Josephine (D:15)
  10 ice dragons
  A spriggan zombie (Crypt:1)
  4 entropy weavers
  A fenstrider witch zombie (Crypt:1)
  6 ironbound frosthearts
  7 great orbs of eyes
  Erolcha (D:9)
  35 vault guards
  2 hell beasts
  3 ogre magi
  4 salamander tyrants (Snake:4)
  A catoblepas (Lair:5)
  3 rakshasas
  5 spriggan air magi
  3 ghost crabs
  A peacekeeper (Vaults:4)
  12 hydras
  17 centaur warriors
  A bennu zombie (Crypt:2)
  A radroach (shapeshifter) (Vaults:2)
  2 satyrs (Zot:1)
  10 two-headed ogres
  26 dancing weapons
  16 alligators
  8 boulder beetles
  3 death knights
  8 deep troll shamans
  9 anacondas
  3 death yaks (Lair:5)
  6 vampire magi
  4 deep troll earth magi
  A two-headed ogre (shapeshifter) (Depths:2)
  4 hell hogs (Abyss:3)
  4 tengu warriors
  2 orc high priests
  9 occultists
  A demonic crawler (Depths:4)
  14 naga sharpshooters
  2 thrashing horrors (Abyss:2)
  14 shock serpents
  The ghost of Gonzollydolly the Slasher, a novice CoWr of Uskayaw (D:9)
  Urug (Lair:2)
  21 naga warriors
  Sonja (Lair:1)
  9 soul eaters
  21 deep elf knights
  4 spriggan berserkers
  11 hell knights
  20 spriggans
  7 salamander mystics
  2 shock serpents (shapeshifter)
  A skyshark (shapeshifter) (Vaults:5)
  7 sun demons
  8 iron trolls
  6 skysharks
  2 shadow wraiths (Crypt:2)
  11 skeletal warriors
  A golden dragon zombie (Crypt:1)
  A deep troll (shapeshifter) (Depths:3)
  8 flayed ghosts
  2 spriggan druids (Swamp:3)
  2 goliath frogs
  46 deep trolls
  An iron giant zombie (Crypt:2)
  13 mana vipers
  A bunyip zombie (Crypt:1)
  5 naga ritualists
  5 glowing orange brains
  A goliath frog (shapeshifter) (Vaults:4)
  8 arcanists
  6 spectral hydras (Swamp:4)
  A shadow demon (Abyss:2)
  21 ironbound convokers
  3 swamp dragons
  3 sea snakes (Zot:5)
  13 deep elf archers
  A glowing orange brain (shapeshifter) (Depths:2)
  8 bog bodies
  14 lindwurms
  2 cherubim (Abyss:3)
  19 phantasmal warriors
  A bunyip skeleton (Crypt:3)
  8 thermic dynamos
  11 orc knights
  2 wolf spiders (Lair:5)
  10 large abominations
  An iron giant skeleton (Crypt:1)
  A shadow dragon skeleton (Vaults:4)
  8 necromancers
  An alligator zombie (Swamp:4)
  35 deep elf pyromancers
  4 harpies (Vaults:1)
  A human zombie (Vaults:4)
  2 steelbarb worms (Zot:1)
  A wolf spider zombie (Crypt:2)
  12 will-o-the-wisps
  6 manticores
  24 deep elf zephyrmancers
  8 cyclopes
  A fire giant zombie (Vaults:4)
  2 orc sorcerers
  4 shining eyes
  34 moths of wrath
  36 ugly things
  An oklob plant (Lair:2)
  A cyclops (shapeshifter) (D:13)
  Maurice (D:9)
  A human skeleton (Vaults:4)
  20 salamanders
  An ice statue (Lair:3)
  3 meliai (D:13)
  An iron dragon skeleton (Crypt:3)
  9 elephants
  A rust devil (D:11)
  35 black mambas
  8 kobold blastminers
  A naga zombie (Crypt:1)
  7 torpor snails
  7 guardian serpents
  15 vault sentinels
  2 eyes of devastation
  8 smoke demons
  A torpor snail (shapeshifter) (Vaults:4)
  3 orange demons
  2 dire elephant skeletons
  15 cane toads
  21 naga magi
  A water nymph (shapeshifter) (Depths:2)
  A centaur skeleton (Crypt:1)
  4 gargoyles (Crypt:3)
  An orc skeleton (Crypt:3)
  A cane toad (shapeshifter) (D:15)
  A yaktaur zombie (Vaults:4)
  34 yaktaurs
  3 efreet
  5 unseen horrors
  4 rime drakes
  8 freezing wraiths
  An alligator snapping turtle skeleton (Crypt:2)
  6 komodo dragons
  5 hydra zombies
  6 swamp worm zombies (Swamp:4)
  5 tengu conjurers
  3 guardian mummies (Crypt:3)
  3 bloated husks
  A harpy zombie (Crypt:1)
  10 trolls
  11 tyrant leeches
  3 polar bears
  A hornet (shapeshifter) (D:13)
  25 hornets
  2 hellwings
  A death drake skeleton (Crypt:1)
  A wolf spider simulacrum (D:15)
  A raiju (shapeshifter) (D:13)
  Prince Ribbit (D:8)
  7 dream sheep
  A harpy skeleton (Crypt:3)
  13 blink frogs
  9 glass eyes
  3 raiju (Abyss:3)
  A satyr zombie (Crypt:2)
  A snapping turtle (Zot:1)
  2 spectral swamp dragons (Swamp:4)
  118 slime creatures
  An air elemental (Elf:1)
  A culicivora (Vaults:5)
  A culicivora (shapeshifter) (Depths:2)
  A centaur simulacrum (D:14)
  3 vampires
  34 yaks
  23 shadows
  3 water elementals
  14 wyverns
  An alligator snapping turtle simulacrum (Crypt:1)
  5 humans (D:7)
  3 tyrant leech zombies (Swamp:4)
  A slime creature zombie (Crypt:1)
  5 wargs
  19 wraiths
  8 fire elementals
  12 golden eyes
  3 neqoxecs
  6 hogs (D:15)
  6 basilisks
  4 redbacks
  A redback (shapeshifter) (Vaults:4)
  A steam dragon (Lair:3)
  14 vampire mosquitoes
  2 chaos spawn
  A swamp worm (shapeshifter) (Depths:2)
  A harpy simulacrum (Crypt:2)
  21 swamp worms
  2 acid dragons
  8 small abominations
  47 nagas
  26 water moccasins
  A two-headed ogre skeleton (Crypt:1)
  A glowing shapeshifter skeleton (Vaults:4)
  2 sky beasts
  4 swamp dragon zombies
  3 swamp drakes (Swamp:4)
  10 ice beasts
  49 orc warriors
  6 black bears
  27 laughing skulls
  An ogre (shapeshifter) (Elf:3)
  8 ogres
  4 boggarts (D:15)
  12 wolves
  34 centaurs
  3 phantoms
  A vine stalker zombie (Crypt:2)
  2 fire crab zombies
  10 kobold brigands
  12 bullfrogs
  A weeping skull (Abyss:2)
  2 brain worms (Abyss:2)
  5 gnoll sergeants
  5 scorpions
  4 earth elementals
  A deep troll simulacrum (Crypt:1)
  A warg zombie (Crypt:2)
  8 wights
  7 killer bees (D:8)
  A yak skeleton (Crypt:2)
  A howler monkey (D:6)
  A raiju skeleton (Crypt:1)
  3 electric eels (Lair:2)
  A crimson imp (D:5)
  A bombardier beetle (D:7)
  17 orc priests
  6 jellies
  4 hounds
  2 iguanas
  A sleepcap (D:8)
  Ijyb (D:3)
  A gnoll bouda (D:5)
  25 orc wizards
  An acid dragon skeleton (Crypt:2)
  A hound zombie (Ossuary)
  13 mummies
  A howler monkey zombie (Crypt:2)
  20 gnolls
  A howler monkey skeleton (Crypt:1)
  8 adders
  9 river rats (Sewer)
  3 white imps
  2 adder zombies (Ossuary)
  A ribbon worm (D:2)
  2 dart slugs
  81 orcs
  6 bats
  14 endoplasms
  5 giant cockroaches
  2 goblins (D:2)
  5 hobgoblins
  9 jackals
  44 kobolds
  4 quokkas
  9 ball pythons
  5 frilled lizards
  A goblin zombie (Ossuary)
  A hobgoblin zombie (Ossuary)
  2 jackal zombies (Ossuary)
  4 kobold zombies
  3 orc zombies
  26 rats
  A rat zombie (Ossuary)
  4 aspiring fleshes (Zot:1)
  2 starspawn tentacles
2763 creatures vanquished.

Vanquished Creatures (collateral kills)
  The ghost of Afra the Sorcerer, a veteran FoHs of Okawaru (Depths:2)
  An Ice Fiend (Depths:2)
  A cacodemon (Depths:2)
  A blizzard demon (Depths:2)
  A hellwing (Depths:2)
  A red devil (Depths:2)
  A wyvern (D:5)
7 creatures vanquished.

Vanquished Creatures (others)
  A fire giant (Depths:4)
  A ghost moth (Zot:4)
  A balrug (D:11)
  A vampire knight (Depths:4)
  2 ghost crabs (Swamp:4)
  A phantasmal warrior (Swamp:4)
  2 deep elf pyromancers
  An orange demon (D:11)
  An ancient zyme (Abyss:2)
  A tyrant leech (Swamp:1)
  3 bloated husks
  A naga (Snake:2)
  An orc warrior (Vaults:5)
  A small abomination (D:11)
  5 phantoms (Swamp:4)
  28 foxfires
  7 starspawn tentacles
58 creatures vanquished.

Grand Total: 2828 creatures vanquished

Notes
Turn   | Place    | Note
-------+----------+-------------------------------------------
     0 | D:1      | Tuffy the Formicid Warper began the quest for the Orb.
     0 | D:1      | Reached XP level 1. HP: 16/16 MP: 3/3
   176 | D:1      | Found a faded altar of an unknown god.
   182 | D:1      | Got Plato's Information on Anemomancy
   254 | D:1      | Reached XP level 2. HP: 20/23 MP: 5/5
   896 | D:2      | Found Risaal's General Store.
   917 | D:2      | Reached XP level 3. HP: 26/28 MP: 6/6
  1042 | D:2      | Found an ornate altar of the Wu Jian Council.
  1380 | D:2      | Reached XP level 4. HP: 33/35 MP: 7/7
  1407 | D:2      | Found Koskol's Weapon Shoppe.
  1451 | D:2      | Found Suafoig's Jewellery Shoppe.
  1806 | D:3      | Reached skill level 1 in Staves
  1806 | D:3      | Reached skill level 1 in Shields
  1942 | D:3      | Noticed Ijyb
  1952 | D:3      | Killed Ijyb
  1953 | D:3      | Reached XP level 5. HP: 32/41 MP: 8/8
  3061 | D:4      | Noticed a black bear
  3078 | D:4      | Killed a black bear
  3079 | D:4      | Reached XP level 6. HP: 17/48 MP: 9/9
  3677 | D:5      | Entered Level 5 of the Dungeon
  3677 | D:5      | Noticed an ogre
  3677 | D:5      | Found Ytti's Weapon Emporium.
  3683 | D:5      | Killed an ogre
  3712 | D:5      | Found Oneapt's Jewellery Boutique.
  3736 | D:5      | Found a staircase to the Ecumenical Temple.
  3739 | D:5      | Identified the +8 quarterstaff "Qihupup" {antimagic, rN+
                  | Str+3}
  3748 | Temple   | Found a transporter.
  3748 | Temple   | Found a transporter.
  3748 | Temple   | Found a transporter.
  3748 | Temple   | Found a transporter.
  3748 | Temple   | Entered the Ecumenical Temple
  3904 | D:5      | Found Buziecsu's Magic Scroll Emporium.
  3926 | D:5      | Reached XP level 7. HP: 36/55 MP: 3/10
  4079 | D:5      | Found a faded altar of an unknown god.
  4079 | D:5      | Found the Hermit's Pendant {Faith Invo=14 Evo=0 MP+5}
  4081 | D:5      | Noticed a wyvern
  4093 | D:5      | Killed a wyvern
  4278 | D:5      | Found Gazatif's Armour Shop.
  4342 | D:5      | Found Piergh's Antique Weapon Boutique.
  4445 | D:5      | Reached skill level 5 in Fighting
  4477 | D:5      | Reached skill level 5 in Staves
  4477 | D:5      | Reached XP level 8. HP: 44/62 MP: 7/18
  4661 | D:5      | Found a glowing golden altar of the Shining One.
  4663 | D:5      | Noticed an angel
  4674 | D:5      | Found a basalt altar of Yredelemnul.
  4882 | D:5      | Found a snail-covered altar of Cheibriados.
  4882 | D:5      | Found a sparkling altar of Nemelex Xobeh.
  4929 | D:5      | Found a sacrificial altar of Ru.
  4931 | D:5      | Found a hide-covered altar of Uskayaw.
  5004 | D:5      | Found a burning altar of Makhleb.
  5007 | D:5      | Reached skill level 5 in Shields
  5189 | D:5      | Identified a scroll of acquirement
  5189 | D:5      | Acquired 1040 gold pieces
  5307 | D:2      | Bought a +2 lajatang of electrocution for 594 gold pieces
  5503 | D:5      | Became a worshipper of Cheibriados the Contemplative
  5636 | D:6      | Found a sand-covered staircase.
  5649 | Ossuary  | Entered an ossuary
  5904 | D:6      | Found Uthratziu's Tiny Tomes.
  5967 | D:6      | Reached * piety under Cheibriados
  5974 | D:6      | Found an iron altar of Okawaru.
  6026 | D:6      | Found a glowing drain.
  6053 | Sewer    | Entered a sewer
  6138 | Sewer    | Reached ** piety under Cheibriados
  6196 | Sewer    | Reached *** piety under Cheibriados
  6281 | Sewer    | Reached XP level 9. HP: 66/69 MP: 8/19
  6605 | D:6      | Reached **** piety under Cheibriados
  7040 | D:6      | Found a shadowy altar of Dithmenos.
  7042 | D:6      | Found a shimmering blue altar of Sif Muna.
  7042 | D:6      | Found a glowing silver altar of Zin.
  7043 | D:6      | Found a shimmering altar of Xom.
  7045 | D:6      | Found a radiant altar of Vehumet.
  7082 | D:6      | Learned a level 4 spell: Manifold Assault
  7146 | D:7      | Found a flagged portal.
  7218 | Bailey   | Entered a bailey
  7243 | Bailey   | Reached XP level 10. HP: 57/79 MP: 8/20
  7262 | Bailey   | Reached ***** piety under Cheibriados
  7477 | Bailey   | Found an iron altar of Okawaru.
  8401 | D:8      | Noticed Prince Ribbit
  8415 | D:8      | Killed Prince Ribbit
  8416 | D:8      | Reached skill level 10 in Staves
  9030 | D:8      | Reached XP level 11. HP: 77/89 MP: 21/21
  9168 | D:8      | Reached skill level 10 in Shields
  9178 | D:8      | Reached ****** piety under Cheibriados
  9321 | D:8      | Acquired a scarf of resistance
  9634 | D:9      | Noticed Erolcha
  9639 | D:9      | Killed Erolcha
  9767 | D:9      | Noticed a two-headed ogre
  9960 | D:9      | Killed a two-headed ogre
  9961 | D:9      | Reached skill level 10 in Fighting
 10055 | D:9      | Noticed a cyclops
 10065 | D:9      | Killed a cyclops
 10508 | D:9      | Noticed Maurice
 10519 | D:9      | Killed Maurice
 10732 | D:9      | Found a runed translucent door.
 10733 | D:9      | Noticed Gonzollydolly's ghost (novice CoWr)
 10809 | D:10     | Entered Level 10 of the Dungeon
 10818 | D:10     | Found Wianuyr's Jewellery Shoppe.
 10827 | D:10     | Found the ring of Shadows {Umbra +Inv Stlth+}
 10863 | D:10     | Noticed a two-headed ogre
 11010 | D:10     | Killed a two-headed ogre
 11158 | D:10     | Reached XP level 12. HP: 93/97 MP: 22/22
 11265 | D:10     | Found a staircase to the Orcish Mines.
 11654 | D:11     | Noticed a boulder beetle
 11662 | D:11     | Killed a boulder beetle
 11696 | D:11     | Reached skill level 5 in Stealth
 12038 | D:11     | Found a staircase to the Lair.
 12577 | Lair:1   | Entered Level 1 of the Lair of Beasts
 12761 | Lair:1   | Reached skill level 10 in Stealth
 13443 | Lair:1   | Reached XP level 13. HP: 103/103 MP: 23/23
 13998 | Lair:2   | Noticed Sonja
 14013 | Lair:1   | Killed Sonja
 14022 | Lair:1   | Reached skill level 5 in Spellcasting
 14092 | Lair:2   | Reached skill level 5 in Translocations
 14115 | Lair:2   | Noticed Urug
 14123 | Lair:2   | Killed Urug
 14217 | Lair:2   | Noticed a six-headed hydra
 14224 | Lair:2   | Killed a six-headed hydra
 14598 | Lair:2   | Noticed a four-headed hydra
 14877 | Lair:2   | Killed a four-headed hydra
 15535 | Lair:2   | Found a staircase to the Swamp.
 16236 | Lair:3   | Noticed an ice dragon
 16247 | Lair:3   | Killed an ice dragon
 16628 | Lair:3   | Found a staircase to the Snake Pit.
 17822 | Lair:4   | Reached XP level 14. HP: 109/110 MP: 26/26
 19006 | Lair:5   | Entered Level 5 of the Lair of Beasts
 19066 | Lair:5   | Reached skill level 10 in Spellcasting
 19348 | Lair:5   | Reached skill level 10 in Translocations
 20227 | Lair:5   | Found a viscous altar of Jiyva.
 20258 | Lair:5   | Found a staircase to the Slime Pits.
 20383 | Lair:5   | Found an ancient bone altar of Kikubaaqudgha.
 20414 | Lair:5   | Reached XP level 15. HP: 117/117 MP: 29/29
 20425 | Lair:5   | Reached skill level 5 in Dodging
 20849 | Lair:5   | Identified the +8 orcbow of Hootocia {heavy, Dex+5}
 22224 | Orc:1    | Entered Level 1 of the Orcish Mines
 22422 | Orc:2    | Entered Level 2 of the Orcish Mines
 22422 | Orc:2    | Found Pacsiyt's Assorted Antiques.
 22655 | Orc:2    | Found Miath's Assorted Antiques.
 22765 | Orc:1    | Noticed an orc warlord
 22773 | Orc:1    | Killed an orc warlord
 23056 | Orc:1    | Found Diacs's Magic Scroll Shoppe.
 23064 | Orc:1    | Bought a scroll of enchant armour for 105 gold pieces
 23443 | Orc:2    | Bought a scroll of fear for 84 gold pieces
 23443 | Orc:2    | Bought a potion of curing for 63 gold pieces
 23669 | Orc:2    | Bought a potion of curing for 60 gold pieces
 23708 | Orc:2    | Found Fuumulu's Weapon Shop.
 24181 | Orc:2    | Found Mexepy's Jewellery Shoppe.
 24261 | Orc:2    | Found a staircase to the Elven Halls.
 24267 | Orc:2    | Found Neclu's Jewellery Shop.
 24455 | Orc:2    | Found a roughly hewn altar of Beogh.
 24796 | Orc:2    | Found Lazica's Book Shop.
 24796 | Orc:2    | Found Gytha's Antique Weapon Shoppe.
 24798 | Orc:2    | Found Kuwno's General Store.
 24800 | Orc:2    | Found Pyrghiema's Distillery.
 24812 | Orc:2    | Bought a potion of mutation for 104 gold pieces
 24914 | Orc:2    | Upgraded the game from 0.32-a0-705-g60f233581c to
                  | 0.32-a0-711-g016ad743e0
 25260 | D:12     | Identified the +0 hat of Winter {MP-9 Dex+6}
 25739 | D:12     | Reached XP level 16. HP: 90/128 MP: 22/30
 26319 | D:12     | Noticed a fire giant
 26323 | D:12     | Killed a fire giant
 27235 | D:13     | Found a gate to the Vaults.
 27560 | D:13     | Reached skill level 5 in Armour
 27713 | D:13     | Found a glowing silver altar of Zin.
 29646 | D:14     | Reached skill level 15 in Shields
 29817 | D:14     | Reached XP level 17. HP: 119/138 MP: 1/31
 30267 | D:15     | Entered Level 15 of the Dungeon
 30508 | D:15     | Reached skill level 10 in Dodging
 30659 | D:15     | Identified the ring of the Distant Future {rF+ Int+5 Dex+6}
 30885 | D:15     | Found Jiluj's General Store.
 31472 | D:15     | Found a staircase to the Depths.
 31472 | D:15     | Found a transporter.
 31819 | D:15     | Identified the ring "Xufuu" {Wiz +Blink rF- rCorr Slay+6}
 32009 | D:15     | Found a transporter.
 32011 | D:15     | Noticed Josephine
 32224 | D:15     | Identified the ring of Darkness {rN+ EV+5 Int+3}
 32242 | D:15     | Reached skill level 15 in Fighting
 32356 | D:15     | Found Gyny's Armour Shop.
 32843 | D:15     | Found Weibyege's Jewellery Shop.
 32973 | D:15     | Noticed Azrael
 32979 | D:15     | Killed Azrael
 33140 | D:15     | Noticed Kirke
 33160 | D:15     | Noticed a sphinx
 33471 | D:15     | Killed Kirke
 33999 | D:9      | Killed Gonzollydolly's ghost
 34275 | D:15     | Found Weibyege's Jewellery Shop.
 34301 | D:15     | Killed Josephine
 34302 | D:15     | Reached XP level 18. HP: 136/147 MP: 16/32
 34426 | D:15     | Found Gyny's Armour Shop.
 34489 | D:15     | Found Jiluj's General Store.
 34568 | D:15     | Found a staircase to the Depths.
 34568 | D:15     | Found a transporter.
 34668 | D:15     | Found a transporter.
 35245 | Snake:1  | Entered Level 1 of the Snake Pit
 35357 | Snake:1  | Noticed Asterion
 35363 | Snake:1  | Killed Asterion
 36510 | Snake:1  | Noticed Louise
 36546 | Snake:1  | Killed Louise
 37932 | Snake:2  | Found Idoseh's Antique Armour Boutique.
 37953 | Snake:2  | Found Nuxunat's Magic Scroll Boutique.
 37953 | Snake:2  | Found Zofiache's Book Shop.
 37959 | Snake:2  | Found Fovvooma's Antique Armour Shop.
 39554 | Snake:3  | Reached XP level 19. HP: 161/161 MP: 22/33
 41140 | Snake:4  | Entered Level 4 of the Snake Pit
 42572 | Snake:4  | Got a serpentine rune of Zot
 43531 | Swamp:1  | Entered Level 1 of the Swamp
 44290 | Swamp:1  | Reached XP level 20. HP: 174/174 MP: 30/34
 44894 | Swamp:2  | Reached skill level 15 in Dodging
 47489 | Swamp:3  | Reached skill level 1 in Shapeshifting
 47713 | Swamp:3  | Found a transporter.
 47740 | Swamp:3  | Noticed Nikola
 47756 | Swamp:3  | Killed Nikola
 47922 | Swamp:3  | Found a transporter.
 47962 | Swamp:3  | Identified the +3 scale mail of Ignis's Scorn {rPois Str+2}
 48240 | Swamp:3  | Identified the ring "Tosul" {*Corrode rElec Will+ Int+3
                  | SInv}
 48244 | Swamp:3  | Identified the +3 helmet of Fedhas's Generosity {Will++
                  | Regen+}
 48413 | Swamp:4  | Entered Level 4 of the Swamp
 48982 | Swamp:4  | Reached skill level 5 in Shapeshifting
 49780 | Swamp:4  | Noticed a bone dragon
 49793 | Swamp:4  | Killed a bone dragon
 50264 | Swamp:4  | Got a decaying rune of Zot
 50722 | Vaults:1 | Entered Level 1 of the Vaults
 50983 | Vaults:1 | Found Fudez's Weapon Boutique.
 51472 | Vaults:1 | Reached XP level 21. HP: 150/183 MP: 27/35
 51622 | Vaults:1 | Reached skill level 10 in Shapeshifting
 51973 | Vaults:1 | Found Munank's Antique Weapon Emporium.
 53410 | Vaults:2 | Noticed Margery
 53557 | Vaults:2 | Killed Margery
 54712 | Vaults:3 | Found a staircase to the Crypt.
 56317 | Vaults:3 | Reached XP level 22. HP: 190/190 MP: 28/36
 56405 | Vaults:4 | Reached skill level 15 in Shapeshifting
 56985 | Vaults:4 | Reached skill level 1 in Invocations
 57255 | Orc:2    | Bought a granite talisman for 900 gold pieces
 57515 | Vaults:4 | Noticed an ancient lich
 57717 | Vaults:4 | Reached skill level 5 in Invocations
 57727 | Vaults:4 | Killed an ancient lich
 58759 | Depths:1 | Entered Level 1 of the Depths
 58788 | Depths:1 | Noticed Mara
 58798 | Depths:1 | Noticed Tuffy's illusion
 58807 | Depths:1 | Killed Mara
 58818 | Depths:1 | Found a flickering gateway to a bazaar.
 58831 | Bazaar   | Entered a bazaar
 58831 | Bazaar   | Found Sabao's Antique Weapon Shop.
 58831 | Bazaar   | Found Geythawk's Antique Armour Shop.
 58870 | Bazaar   | Found Geib Huz's Distillery.
 58878 | Bazaar   | Bought a potion of heal wounds for 85 gold pieces
 58916 | Bazaar   | Bought 2 potions of cancellation for 272 gold pieces
 58916 | Bazaar   | Bought a potion of curing for 51 gold pieces
 58916 | Bazaar   | Bought a potion of curing for 51 gold pieces
 59017 | Depths:1 | Found a one-way gate to the infinite horrors of the Abyss.
 59025 | Depths:1 | Reached skill level 10 in Invocations
 59172 | Depths:1 | Noticed a golden dragon
 59175 | Depths:1 | Killed a golden dragon
 59370 | Depths:1 | Reached XP level 23. HP: 196/196 MP: 16/37
 59595 | Depths:1 | Found a gateway to Hell.
 59924 | Depths:1 | Noticed a juggernaut
 59929 | Depths:1 | Killed a juggernaut
 60196 | Depths:1 | Found a hazy altar of Hepliaklqana.
 60718 | Depths:2 | Found a runed translucent gate.
 60718 | Depths:2 | Found a runed translucent gate.
 60718 | Depths:2 | Found a runed translucent gate.
 60718 | Depths:2 | Noticed Afra's ghost (veteran FoHs)
 60776 | Depths:2 | Found a shimmering blue altar of Sif Muna.
 61100 | Depths:2 | Found a one-way gate leading to the halls of Pandemonium.
 61138 | Depths:2 | Noticed the Enchantress
 61143 | Depths:2 | Killed the Enchantress
 61464 | Depths:2 | Found a one-way gateway to a ziggurat.
 61946 | Depths:3 | Identified the +3 robe of the Loofah {rF+ Stlth+}
 61946 | Depths:3 | Noticed Boris
 61956 | Depths:2 | Killed Boris
 62554 | Depths:3 | Noticed Norris
 62566 | Depths:3 | Killed Norris
 62588 | Depths:3 | Reached XP level 24. HP: 205/205 MP: 8/37
 62693 | Depths:2 | Found a runed translucent door.
 62694 | Depths:2 | Found a runed translucent door.
 62707 | Depths:2 | Noticed a juggernaut
 62718 | Depths:2 | Killed a juggernaut
 62802 | Depths:2 | Found a runed translucent door.
 62805 | Depths:2 | Found a runed translucent door.
 62893 | Depths:2 | Got the Opusculum on Exothermic Refrigeration
 63121 | Depths:4 | Entered Level 4 of the Depths
 63127 | Depths:4 | Acquired a manual of Fighting
 63137 | Depths:4 | Noticed a juggernaut
 63147 | Depths:4 | Killed a juggernaut
 63337 | Depths:4 | Noticed a juggernaut
 63339 | Depths:4 | Noticed a golden dragon
 63349 | Depths:4 | Killed a juggernaut
 63356 | Depths:4 | Killed a golden dragon
 63590 | Depths:4 | Noticed a golden dragon
 63615 | Depths:4 | Killed a golden dragon
 63690 | Depths:4 | Found a gate to the Realm of Zot.
 64770 | Elf:1    | Entered Level 1 of the Elven Halls
 64805 | Elf:1    | Found Gulyub's Assorted Antiques.
 64812 | Elf:1    | Bought a potion of might for 136 gold pieces
 64815 | Elf:1    | Found a runed translucent gate.
 64815 | Elf:1    | Found a runed translucent gate.
 64857 | Elf:1    | Found a runed translucent gate.
 64859 | Elf:1    | Noticed MagicSucks's ghost (adept CoBe)
 64859 | Elf:1    | Noticed Goivuek's ghost (adept CoGl)
 65367 | Elf:1    | Got Pecoten's Atlas of Percussion
 65499 | Elf:1    | Identified the +2 mace "Grom" {freeze, rF+ MP+9}
 65917 | Elf:1    | Killed MagicSucks's ghost
 65938 | Elf:1    | Killed Goivuek's ghost
 66023 | Elf:1    | Got the Compendium of the Inferno
 66290 | Elf:2    | Reached XP level 25. HP: 216/216 MP: 11/37
 66430 | Elf:2    | Found Howe's Book Boutique.
 66432 | Elf:2    | Found Daogeyd's Jewellery Emporium.
 66433 | Elf:2    | Found Luroha's Book Boutique.
 66684 | Elf:2    | Found a runed translucent gate.
 66686 | Elf:2    | Found a runed translucent gate.
 66690 | Elf:2    | Found a runed translucent gate.
 67322 | Elf:3    | Entered Level 3 of the Elven Halls
 67335 | Elf:3    | Found a runed translucent door.
 67336 | Elf:3    | Noticed Ohem's ghost (adept FoFi)
 67364 | Elf:3    | Killed Ohem's ghost
 67411 | Elf:3    | Found a shimmering blue altar of Sif Muna.
 68203 | Abyss:2  | Cast into level 2 of the Abyss (a deep elf sorcerer)
 68330 | Abyss:2  | Found a corrupted altar of Lugonu.
 68350 | Abyss:2  | Found a corrupted altar of Lugonu.
 68356 | Abyss:2  | Found a corrupted altar of Lugonu.
 68381 | Abyss:2  | Found a corrupted altar of Lugonu.
 68391 | Abyss:2  | Found a corrupted altar of Lugonu.
 68391 | Abyss:2  | Found a corrupted altar of Lugonu.
 68474 | Abyss:3  | Found a corrupted altar of Lugonu.
 68520 | Abyss:3  | Found a glowing golden altar of the Shining One.
 68566 | Abyss:3  | Noticed a juggernaut
 68575 | Abyss:3  | Killed a juggernaut
 68579 | Abyss:3  | Got an abyssal rune of Zot
 68632 | Elf:3    | Escaped the Abyss
 68819 | Elf:3    | Identified the +11 spear of Disgust {elec, Str+5 SInv}
 68822 | Elf:3    | Identified the +1 robe of Sunlight {Str+6 Archmagi}
 69033 | Elf:3    | Found the +2 Maxwell's thermic engine {flame, freeze, rev}
 69141 | Elf:3    | Got the Octavo of Translocation
 69143 | Elf:3    | Identified the +6 sling of Awkwardness {flame, ^Fragile
                  | rC++ SInv}
 69146 | Elf:3    | Got the Quarto of the Calid Dead
 69155 | Elf:3    | Identified the ring of Xyfiph {EV+5 Str+3 Slay+3}
 69169 | Elf:3    | Identified the +1 quarterstaff of Plunder {freeze, rElec
                  | rF+}
 69171 | Elf:3    | Identified the staff of Regicide {rPois Fire Air Alchemy}
 69178 | Elf:3    | Identified the ring "Biarchydgh" {rPois rF+ Will+ Int+6}
 69246 | Elf:3    | Got the Monograph on Reagents
 69574 | Snake:2  | Bought a scroll of brand weapon for 123 gold pieces
 69574 | Snake:2  | Bought a scroll of brand weapon for 123 gold pieces
 69863 | D:5      | Bought a scroll of summoning for 114 gold pieces
 69863 | D:5      | Bought a scroll of enchant armour for 90 gold pieces
 69863 | D:5      | Bought a scroll of fear for 48 gold pieces
 69999 | D:2      | Bought a scroll of brand weapon for 104 gold pieces
 70200 | Orc:2    | Bought a potion of curing for 39 gold pieces
 70200 | Orc:2    | Bought a potion of resistance for 130 gold pieces
 70200 | Orc:2    | Bought a potion of curing for 39 gold pieces
 70200 | Orc:2    | Bought a potion of curing for 39 gold pieces
 70326 | D:15     | Bought a potion of curing for 42 gold pieces
 70326 | D:15     | Bought a scarf of repulsion for 168 gold pieces
 70326 | D:15     | Bought a scroll of enchant weapon for 105 gold pieces
 70443 | Orc:2    | Bought a potion of cancellation for 160 gold pieces
 70443 | Orc:2    | Bought the +10 zealot's sword {holy, Zealotry, *Rage rN+
                  | EV+3} for 2108 gold pieces
 70443 | Orc:2    | Found the +10 zealot's sword {holy, Zealotry, *Rage rN+
                  | EV+3}
 70684 | Crypt:1  | Entered Level 1 of the Crypt
 70824 | Crypt:1  | Reached XP level 26. HP: 228/228 MP: 21/37
 71387 | Crypt:2  | Noticed Vv
 71410 | Crypt:2  | Killed Vv
 71925 | Crypt:2  | Noticed Mennas
 71949 | Crypt:2  | Killed Mennas
 72870 | Crypt:3  | Entered Level 3 of the Crypt
 73289 | Crypt:3  | Found the +13 scythe of Curses {drain, curses, ^Drain}
 73475 | Crypt:3  | Found a staircase to the Tomb.
 73544 | Crypt:3  | Identified the +10 chain mail of Lotiuj {Stlth+}
 73554 | Crypt:3  | Got the Spellbook of the Vitriolic Nimbus
 74179 | Crypt:3  | Found an ancient bone altar of Kikubaaqudgha.
 74217 | Crypt:3  | Identified the ring "Yqolyff" {^Contam rPois MP+9 Str+3
                  | Int+3}
 74235 | Crypt:3  | Noticed an ancient lich
 74238 | Crypt:3  | Killed an ancient lich
 76166 | Vaults:5 | Entered Level 5 of the Vaults
 76171 | Vaults:5 | Reached XP level 27. HP: 239/239 MP: 19/37
 76173 | Vaults:5 | Noticed a dread lich
 76287 | Vaults:4 | Killed a dread lich
 76497 | Vaults:5 | Noticed a dread lich
 76611 | Vaults:4 | Killed a dread lich
 77219 | Vaults:5 | Got a silver rune of Zot
 77289 | Vaults:5 | Identified the ring "Qehiw" {+Blink rPois rF+ Int+6 Stlth+}
 77372 | Vaults:5 | Identified the staff of the Howling One {rPois Earth}
 77538 | Vaults:5 | Noticed Bai Suzhen
 77557 | Vaults:5 | Killed Bai Suzhen
 77825 | Vaults:5 | Identified the +5 great mace of Ravage {speed, Str+4 Dex+3}
 77825 | Vaults:5 | Identified the ring of Wounloz {rPois Will+ Slay+3}
 79147 | Depths:2 | Killed Afra's ghost
 79253 | Depths:2 | Identified the +0 helmet of Hairiness {Harm rPois}
 79581 | Slime:1  | Entered Level 1 of the Pits of Slime
 81054 | Slime:2  | Gained mutation: You occasionally lose the ability to read
                  | scrolls when taking damage. [a shining eye]
 81548 | Slime:5  | Entered Level 5 of the Pits of Slime
 81548 | Slime:5  | Found the macabre finger necklace {Finger+ rN+}
 81548 | Slime:5  | Found the +4 Cigotuvi's embrace {Corpsefed rMiasma ^Drain
                  | rN+}
 81674 | Slime:5  | Noticed the Royal Jelly
 81687 | Slime:5  | Killed the Royal Jelly
 81779 | Slime:5  | Identified the +11 mace of the Pyrrhic Victory {freeze,
                  | rPois Will+ Str+2}
 81780 | Slime:5  | Identified the +3 orcbow of the Thirsty Coins {flame, rC+
                  | Int+2}
 81783 | Slime:5  | Got a slimy rune of Zot
 81895 | Slime:5  | Identified the +3 leather armour of the Eternal Void {rF++}
 81923 | Slime:5  | Identified the +1 whip of Chagrin {heavy, rElec rF++ Dex+2
                  | Stlth+}
 83351 | Zot:1    | Entered Level 1 of the Realm of Zot
 83544 | Zot:1    | Identified the +1 cloak of Bedevilment {+Blink rN+ Str-3}
 83545 | Zot:1    | Identified the +1 cloak "Noosair" {Harm rF+++ rCorr Slay-5}
 83547 | Zot:1    | Noticed seren's ghost (legendary MiFi)
 83554 | Zot:1    | Found a transporter.
 83570 | Zot:1    | Acquired the +0 pair of boots of Fuiker {Slay+4}
 83571 | Zot:1    | Acquired a manual of Alchemy
 83572 | Zot:1    | Acquired a manual of Stealth
 83594 | Zot:1    | Found a bloodstained altar of Trog.
 83600 | Zot:1    | Found a transporter.
 84727 | Zot:1    | Killed seren's ghost
 84852 | Zot:1    | Lost mutation: You occasionally lose the ability to read
                  | scrolls when taking damage. [potion of mutation]
 84852 | Zot:1    | Gained mutation: You are frail. (-10% HP) [potion of
                  | mutation]
 84852 | Zot:1    | Gained mutation: You are dopey. (Int -2) [potion of
                  | mutation]
 84853 | Zot:1    | Lost mutation: You are dopey. (Int -2) [potion of mutation]
 84853 | Zot:1    | Lost mutation: You are frail. (-10% HP) [potion of
                  | mutation]
 84853 | Zot:1    | Gained mutation: You are partially covered in iridescent
                  | scales. (AC +2) [potion of mutation]
 84853 | Zot:1    | Gained mutation: You have hidden genetic potential. [potion
                  | of mutation]
 84966 | Zot:2    | Noticed a Killer Klown
 85076 | Zot:2    | Killed a Killer Klown
 86700 | Zot:3    | Noticed a Killer Klown
 86712 | Zot:3    | Killed a Killer Klown
 87058 | Zot:3    | Found a transporter.
 87065 | Zot:3    | Found a transporter.
 87090 | Zot:3    | Found a transporter.
 87116 | Zot:3    | Found a transporter.
 87804 | Zot:4    | Gained mutation: Your natural rate of healing is unusually
                  | fast. [hidden potential]
 87972 | Zot:4    | Identified the +7 rapier of Desertification {flame, Str+4}
 88446 | Zot:5    | Entered Level 5 of the Realm of Zot
 88732 | Zot:5    | Found a transporter.
 88737 | Zot:5    | Found a transporter.
 88978 | Zot:5    | Found a transporter.
 89062 | Zot:5    | Found a transporter.
 89291 | Zot:5    | Reached skill level 27 in Fighting
 89408 | Zot:5    | Noticed an orb of fire
 89410 | Zot:5    | Gained mutation: You are dopey. (Int -2) [an orb of fire]
 89411 | Zot:5    | Gained mutation: You are robust. (+10% HP) [an orb of fire]
 89415 | Zot:5    | Noticed an orb of fire
 89415 | Zot:5    | Noticed a dread lich
 89416 | Zot:5    | Killed an orb of fire
 89418 | Zot:5    | Killed a dread lich
 89420 | Zot:5    | Noticed an ancient lich
 89423 | Zot:5    | Noticed a Killer Klown
 89426 | Zot:5    | Killed an ancient lich
 89430 | Zot:5    | Gained mutation: Armour fits poorly on your strangely
                  | shaped body. [an orb of fire]
 89432 | Zot:5    | Noticed an ancient lich
 89432 | Zot:5    | Killed an orb of fire
 89436 | Zot:5    | Killed a Killer Klown
 89441 | Zot:5    | Noticed a dread lich
 89443 | Zot:5    | Killed a dread lich
 89445 | Zot:5    | Noticed an ancient lich
 89449 | Zot:5    | Killed an ancient lich
 89457 | Zot:5    | Noticed a dread lich
 89461 | Zot:5    | Killed an ancient lich
 89465 | Zot:5    | Noticed a Killer Klown
 89472 | Zot:5    | Killed a dread lich
 89480 | Zot:5    | Killed a Killer Klown
 89507 | Zot:5    | Reached skill level 27 in Shields
 89752 | Zot:5    | Gained mutation: You are agile. (Dex +4, Str/Int -1)
                  | [hidden potential]
 89752 | Zot:5    | Lost mutation: You have hidden genetic potential. [hidden
                  | potential expressed]
 89951 | Zot:5    | Noticed an ancient lich
 89957 | Zot:5    | Killed an ancient lich
 90269 | Zot:5    | Got the Orb of Zot
 90389 | Zot:3    | Noticed Xigech the pandemonium lord
 90726 | D:11     | Noticed Mokhidoin the pandemonium lord
 90729 | D:11     | Noticed Paisemp the pandemonium lord
 90729 | D:11     | Noticed an ancient lich
 90736 | D:11     | Killed Mokhidoin the pandemonium lord
 90744 | D:11     | Killed an ancient lich
 90760 | D:11     | Killed Paisemp the pandemonium lord
 90766 | D:11     | Noticed Lomivaer the pandemonium lord
 90781 | D:11     | Gained mutation: You occasionally shout uncontrollably at
                  | your foes. [a neqoxec]
 90795 | D:11     | Killed Lomivaer the pandemonium lord
 90927 | D:6      | Noticed Loifuhan the pandemonium lord
 90939 | D:6      | Killed Loifuhan the pandemonium lord
 91130 | D:$      | Escaped with the Orb!

Illustrated notes

Levels and vault maps discovered:
D:1:      giann_bridges, layout_basic, shapermc_ecumenical_altar_rom_forum
D:2:      layout_loops_ring, serial_shops, shop,
          nicolae_shop_tiny_real_fake_doors, shop, basic_altar
D:3:      layout_basic, uniq_ijyb
D:4:      layout_loops_corners, columned_hall_lemuel
D:5:      layout_loops_corners, grunt_temple_overflow_holy_war,
          nicolae_overflow_hidden_temple, makhleb_grotto_becter,
          minmay_temple_entry_mist, serial_shops, nicolae_shop_real_fake_doors,
          nicolae_stop_n_shop_2, shop, nicolae_inconvenience_store,
          nicolae_shop_hallway_stairs, hellmonk_guarded_unrand_hermit
D:6:      layout_rooms, okawaru_trees_2, minitemple, enter_ossuary_3,
          gup_sewer_entry_glass, grunt_ministairs_3,
          serial_library_regret_index_branch_corner,
          nicolae_shop_i_like_small_books_too
D:7:      layout_cave_pools, enter_bailey_8, kennysheep_decorative_pillar,
          minmay_ruffians
D:8:      minmay_s_stair_smasher, layout_loops_ring,
          chequers_serial_rivers_room_a, uniq_prince_ribbit1
D:9:      layout_gridville, gammafunk_ghost_grave, kennysheep_generic_room_8,
          uniq_maurice, uniq_erolcha
D:10:     layout_rooms, kennysheep_orc_monster_closet_entryway, serial_shops,
          shop
D:11:     layout_roguey, minmay_lair_entry_grove
D:12:     minmay_two_paths, layout_loops_corners, kennysheep_minor_cross,
          minmay_misc_feat_hallway, grunt_ministairs_13
D:13:     minmay_tri_stars, layout_irregular_city,
          skrybe_vaults_entry_preservation, zin_scriptorium
D:14:     layout_gridville, nrook_mini_vaults
D:15:     hangedman_spin_cycle, uniq_josephine
Temple:   hellmonk_temple_divided_pantheon
Lair:1:   layout_long_grid
Lair:2:   layout_small_grid, palyth_hydra_swamp_entry, serial_bayou_lake_a,
          lemuel_fruit_tree, uniq_sonja, uniq_urug
Lair:3:   layout_small_grid, minmay_snake_entry_guardpost_small, ice2_lemuel
Lair:4:   layout_regular_city
Lair:5:   hangedman_lair_tendril_chambers, layout_hall_layers, wormcave,
          nicolae_slime_entry_slimehenge, basic_altar, minmay_stone_trees_small
Swamp:1:  layout_basic_swamp, evilmike_swamp_ruin_house_1
Swamp:2:  layout_falls_marsh, nicolae_swamp_ascending_descending,
          nicolae_swamp_tree_designs, swamp_pool_1_2, nicolae_swamp_tree_isthmus
Swamp:3:  gammafunk_worm_tunnel, layout_falls_marsh, nicolae_swamp_oxbows,
          infiniplex_staircase_pool, uniq_nikola
Swamp:4:  swamp_pestilence, layout_basic_swamp, swamp_pool_5
Snake:1:  cheibrodos_forgotten_conduit, layout_basic, serial_bayou_shore_b,
          uniq_asterion, uniq_louise
Snake:2:  layout_gridlike, grunt_megastairs_1, minmay_shoptagon
Snake:3:  nrook_guardian_serpent_snake_passage, layout_grid_shapes,
          grunt_megastairs_5
Snake:4:  snake_pit, layout_cave_town
Slime:1:  layout_caves
Slime:2:  layout_caves
Slime:3:  layout_caves
Slime:4:  layout_caves
Slime:5:  slime_pit_nicolae_jellycorners
Orc:1:    layout_diamond_mine, serial_shops, shop
Orc:2:    st_orc_rangers, layout_caves, serial_shops, nicolae_diamond_shop,
          shop, nicolae_shop_bloodbath_and_beyond, shop,
          nicolae_shop_tiny_glass, minmay_orc_temple_b
Elf:1:    layout_geoelf_grid, serial_shops, shop, gammafunk_ghost_cemetery,
          minmay_elf_annihilation
Elf:2:    elven_hall_of_blades_hangedman_original
          [nicolae_vaults_blade_armed_guards], layout_geoelf_diagonals,
          minmay_shop_grove, lemuel_elevator
Elf:3:    elf_hall_gauntlet_wide, layout_geoelf_grid, basic_altar,
          hellmonk_ghost_happy_afterlife, nicolae_elf_stone_circles
Vaults:1: nicolae_vaults_storage_room_doors, vaults_dpeg_hooks,
          hangedman_vaults_impose, nicolae_vaults_three_branches,
          nicolae_vaults_taking_the_gang_shopping, vaults_dpeg_encased_lava,
          nicolae_vaults_little_squares_5, vaults_room_door_ring, v_misc_16,
          vaults_room_grid, layout_vaults_omnigrid, serial_shops, shop
Vaults:2: hangedman_vaults_variations, vaults_dpeg_spiral,
          nicolae_vaults_more_shelving_1, v_pattern_4,
          nicolae_vaults_apartment_1, vaults_room_door_ring,
          vaults_mumra_chevron_long, nicolae_vaults_trapezoid_lopsided_1,
          vaults_dpeg_cross, vaults_dpeg_ring, nicolae_vaults_little_squares_4,
          nicolae_vaults_tetromino_T_2, layout_vaults_omnicross, uniq_margery
Vaults:3: v_misc_28, vaults_mumra_hexcomb,
          nicolae_vaults_windows_and_doors_thing,
          nicolae_vaults_offset_grid_hallway_4,
          nicolae_vaults_trapezoid_layered, vaults_standard_mumra_x,
          minmay_crypt_entry_simple_box, v_rooms_1, nicolae_vaults_diamond_1,
          ontoclasm_vaults_ligature, nicolae_vaults_diagonal_hallway_6,
          nicolae_vaults_bisected_exclaves, nicolae_vaults_house_1,
          layout_vaults_big_room
Vaults:4: nicolae_vaults_what_the_h, nicolae_vaults_heart-shaped_vault,
          hangedman_vaults_slice, nicolae_vaults_little_squares_6,
          vaults_room_pools, v_pattern_5, v_misc_12, st_eye,
          nicolae_vaults_storage_room_glass, nicolae_vaults_alarming,
          v_alt_pattern_4, nicolae_vaults_ring_of_whatevers,
          nicolae_vaults_little_squares_6, layout_vaults_ring
Vaults:5: uniq_bai_suzhen
Crypt:1:  layout_rooms
Crypt:2:  minmay_shadows, layout_basic, grunt_megastairs_3, uniq_mennas, uniq_vv
Crypt:3:  quadcrypt_mu
Depths:1: layout_basic, hell_entry, minmay_room_of_horrors,
          nicolae_hepliaklqana_hazy_memory, serial_shops, bzr_entry_dummy,
          kennysheep_windowed_goal, kennysheep_random_hallway, uniq_mara
Depths:2: impenetrable_vault, layout_gridlike, enter_ziggurat_f,
          grunt_pan_entry_zigzag, biasface_ghost_demon_polymorph,
          nicolae_sif_muna_condensation, hell_entry, minmay_staircase_bubble,
          uniq_enchantress
Depths:3: minmay_roctagon, layout_cave_shapes, kennysheep_doodads,
          nicolae_abyss_entry_one_way_or_another, hell_entry,
          infiniplex_staircase_hallway_doors, uniq_norris, uniq_josephina,
          uniq_boris
Depths:4: grunt_zot_entry_bicorn, layout_cave_shapes, pf_dread_powers_of_hell,
          nicolae_sextant, fake_guardian_serpent_vault
Zot:1:    layout_twisted_circle, gammafunk_ghost_wrathful_warriors,
          st_stairs_12, grunt_megastairs_2
Zot:2:    cheibrodos_zot_enchanting_chambers, layout_basic
Zot:3:    layout_misc_corridors, nicolae_transporter_circle
Zot:4:    layout_basic, regret_index_zotdec_silver_v_v_loose
Zot:5:    layout_cathedral_of_symmetry, nicolae_transporter_intersection

Skill      XL: |  1  2  3  4  5  6  7  8  9 10 11 12 13 14 15 16 17 18 19 20 21 22 23 24 25 26 27 |
---------------+----------------------------------------------------------------------------------+-----
Long Blades    | 3 |  3.4
Fighting       | 3 4 5 6 7 9 10 12 13 15 17 19 20 21 23 24 27 | 27.0
Staves         | 1 3 5 6 8 10 13 14 | 14.0
Shields        | 1 2 3 4 6 8 9 10 11 13 15 17 18 19 21 22 27 | 27.0
Stealth        | 10 | 10.0
Translocations | 4 8 10 | 10.0
Spellcasting   | 4 8 10 | 10.0
Dodging        | 4 7 9 11 13 14 15 16 17 23 | 23.5
Armour         | 2 5 |  5.0
Shapeshifting  | 9 14 16 17 18 20 21 25 | 25.0
Invocations    | 11 14 | 14.0
Throwing       | |  1.0

Action                     |  1- 3 |  4- 6 |  7- 9 | 10-12 | 13-15 | 16-18 | 19-21 | 22-24 | 25-27 || total
---------------------------+-------+-------+-------+-------+-------+-------+-------+-------+-------++-------
  Melee: Falchion          |   103 |   125 |       |       |       |       |       |       |       ||   228
         Quarterstaff      |       |    12 |   286 |    28 |    15 |     9 |    51 |       |       ||   401
         Lajatang          |       |       |       |   459 |   890 |  1149 |  1533 |  1125 |  3164 ||  8320
  Throw: Dart              |       |     1 |       |       |       |       |       |       |       ||     1
   Cast: Manifold Assault  |       |       |       |       |   245 |   424 |   529 |   293 |   761 ||  2252
 Invoke: Step From Time    |       |       |       |     1 |     1 |     1 |     2 |       |     1 ||     6
         Slouch            |       |       |       |       |     5 |       |     5 |     3 |    11 ||    24
Ability: Dig               |       |       |     2 |     1 |     2 |       |       |     3 |     2 ||    10
  Evoke: Wand              |       |     4 |     3 |       |    20 |       |       |     2 |     5 ||    34
         Lightning rod     |       |       |       |       |     4 |       |       |     4 |       ||     8
         Sack of spiders   |       |       |       |       |     1 |     1 |     1 |       |     1 ||     4
         Phial of floods   |       |       |       |       |       |     1 |       |     1 |     1 ||     3
         Phantom mirror    |       |       |       |       |       |       |     1 |     1 |     1 ||     3
    Use: Scroll            |       |    10 |     8 |     8 |     7 |     4 |     1 |     4 |    27 ||    69
         Potion            |       |       |       |       |     4 |     1 |     5 |     1 |     9 ||    20
   Stab: Sleeping          |       |       |       |     6 |    12 |    21 |     9 |    16 |    23 ||    87
         Invisible         |       |       |       |       |     3 |     2 |       |       |     2 ||     7
         Distracted        |       |       |       |       |     6 |     4 |       |     6 |     7 ||    23
 Armour: Leather armour    |    55 |       |       |       |       |       |       |       |       ||    55
         Ring mail         |    27 |    24 |       |       |       |       |       |       |       ||    51
         Chain mail        |       |   103 |   261 |   370 |   358 |   206 |   279 |    11 |       ||  1588
         Skin              |       |       |       |       |       |     7 |       |   188 |   609 ||   804
  Dodge: Dodged            |    57 |    54 |   165 |   212 |   294 |   188 |   349 |   431 |  2329 ||  4079
  Block: Buckler           |       |       |   108 |   200 |       |       |       |       |       ||   308
         Kite shield       |       |       |       |    96 |   535 |   268 |       |    64 |  1138 ||  2101
         Tower shield      |       |       |       |       |       |   155 |   934 |   786 |  2130 ||  4005
   Form: Statue            |       |       |       |       |       |       |       |     2 |       ||     2
                           |       |       |       |       |       |       |       |     1 |       ||     1

Table legend: (Time is in decaauts)
 A = Elapsed time spent in this place.
 B = Non-inter-level travel time spent in this place.
 C = Inter-level travel time spent in this place.
 D = Time resting spent in this place.
 E = Time spent auto-exploring this place.
 F = Levels seen in this place.
 G = Mean time per level.
                   A        B        C        D        E       F      G
               +--------+--------+--------+--------+--------+-----+--------+
         Total | 156892 | 129114 |  27778 |  14030 |  96274 |  62 | 2530.5 |
       Dungeon |  33981 |  25426 |   8555 |   3040 |  18745 |  15 | 2265.4 |
        Temple |     82 |     18 |     64 |      0 |      0 |   1 |   82.0 |
          Lair |  17377 |  13644 |   3733 |   2215 |   9861 |   5 | 3475.4 |
         Swamp |   8677 |   8131 |    546 |   1582 |   5653 |   4 | 2169.2 |
     Snake Pit |  11928 |  10578 |   1350 |   1770 |   7374 |   4 | 2982.0 |
    Slime Pits |   7923 |   7078 |    845 |    393 |   6100 |   5 | 1584.6 |
  Orcish Mines |   4535 |   3763 |    772 |    283 |   2913 |   2 | 2267.5 |
   Elven Halls |   9824 |   8734 |   1090 |    340 |   7122 |   3 | 3274.7 |
        Vaults |  18020 |  15523 |   2497 |   1778 |  11762 |   5 | 3604.0 |
         Crypt |  12917 |   8836 |   4081 |    273 |   7119 |   3 | 4305.7 |
        Depths |  13628 |  11423 |   2205 |    843 |   8704 |   4 | 3407.0 |
           Zot |  15413 |  13378 |   2035 |   1288 |   9985 |   5 | 3082.6 |
         Abyss |    929 |    929 |      0 |     69 |      0 |   2 |  464.5 |
        Bazaar |    276 |    276 |      0 |      0 |    158 |   1 |  276.0 |
         Sewer |    705 |    705 |      0 |      0 |    461 |   1 |  705.0 |
       Ossuary |    223 |    223 |      0 |      0 |    143 |   1 |  223.0 |
        Bailey |    448 |    448 |      0 |    152 |    168 |   1 |  448.0 |
               +--------+--------+--------+--------+--------+-----+--------+

Top non-repeatable levels by time:
 Crypt:3: 7048 daAuts
    D:15: 5792 daAuts
Depths:2: 4539 daAuts
Vaults:4: 4477 daAuts
Depths:1: 4430 daAuts
  Lair:1: 4285 daAuts
  Lair:5: 4194 daAuts
 Crypt:2: 4160 daAuts
Vaults:3: 3951 daAuts
   Zot:5: 3949 daAuts
   Zot:2: 3722 daAuts
   Elf:3: 3692 daAuts
  Lair:3: 3596 daAuts
    D:12: 3508 daAuts
Vaults:5: 3498 daAuts
